AoeStats
← Covid19

Arena

504712357Analyzed
1v1 RM · 26d ago on Sep 6, 2026· 37m 47s· 2 players
Game mode
Random Map
Map size
Tiny (2 player)
Population
200
Speed
Normal
Resources
Standard
Victory
Conquest
Starting age
Dark Age
Ending age
Imperial Age
RankedLock teamsTeams togetherTeam positionsShared explorationLock speedFull tech treeHidden civsTurbo modeCheats
Victory
Defeat
🇩🇪 Portuguese · Germany
1178
+17
🇪🇸 Aztecs · Spain
1196
-17
Covid19
10:19 Feudal Age
13:55 Castle Age
14:14 Loom
14:31 Double-Bit Axe
29:02 Imperial Age
27:49 Atonement
28:52 Bow Saw
29:07 Sanctity
30:17 Block Printing
32:10 Two-Man Saw
32:56 Stone Mining
32:59 Gold Mining
37:19 Stone Shaft Mining
Fasces
10:27 Feudal Age
9:35 Loom
11:11 Double-Bit Axe
12:19 Loom
16:32 Castle Age
15:36 Horse Collar
17:36 Bow Saw
17:44 Heavy Plow
18:39 Wheelbarrow
17:53 Town Watch
18:45 Stone Mining
20:46 Squires
21:34 Forging
21:17 Eagle Warrior
22:28 Scale Mail Armor
25:39 Hand Cart
26:26 Town Patrol
31:14 Imperial Age
29:06 Gold Mining
30:01 Iron Casting
33:20 Blast Furnace
35:01 Elite Eagle Warrior
37:35 Chain Mail Armor
Connection lost

Rejoining the realm…

Still unreachable

The connection could not be restored.

Session expired

The server has moved on; the page needs a fresh start.